 Dungeon Crawl Stone Soup version 0.21-a0-401-g0b6bec4 (webtiles) character file.

664 zero the Chopper (level 7, -3/42 HPs)
             Began as a Gargoyle Berserker on Oct 22, 2017.
             Was a Believer of Trog.
             Slain by a slave (5 damage)
             ... led by Pikel
             ... on level 5 of the Dungeon.
             The game lasted 00:04:37 (3663 turns).

zero the Chopper (Gargoyle Berserker)               Turns: 3663, Time: 00:04:38

Health: -3/42      AC: 15    Str: 23    XL:     7   Next: 57%
Magic:  7/7        EV: 11    Int:  9    God:    Trog [**....]
Gold:   164        SH:  3    Dex: 16    Spells: 6/6 levels left

rFire    + + +     SeeInvis .   a - +0 hand axe
rCold    . . .     Gourm    .   x - +0 buckler
rNeg     + + .     Faith    .   y - +3 leather armour of Intuition {-Tele rF+++ Int+2}
rPois    ∞         Spirit   .   u - +0 helmet
rElec    +         Reflect  .   (no cloak)
rCorr    .         Harm     .   b - +0 pair of gloves of Uskayaw's Fury {+Fly rN+ MR+ Dex+7}
MR       +....     NoTele   +   e - +1 pair of boots
Stlth    ++........             r - amulet of regeneration
HPRegen  0.54/turn              t - ring of stealth
MPRegen  0.10/turn              (no ring)

@: berserk cooldown, slowed, very slow
A: negative energy resistance 1, electricity resistance, unbreathing,
petrification resistance, rot immunity, AC +4
a: Berserk, Trog's Hand, Burn Spellbooks, Renounce Religion, Evoke Flight


You were on level 5 of the Dungeon.
You worshipped Trog.
Trog was pleased with you.
You were hungry.

You visited 1 branch of the dungeon, and saw 5 of its levels.

You collected 164 gold pieces.

Inventory:

Hand Weapons
 a - a +0 hand axe (weapon)
Armour
 b - the +0 pair of gloves of Uskayaw's Fury (worn) {+Fly rN+ MR+ Dex+7}
   (You found it on level 5 of the Dungeon)

   It affects your dexterity (+7).
   It protects you from negative energy.
   It affects your resistance to hostile enchantments.
   It lets you fly.
 e - a +1 pair of boots (worn)
 o - a +2 ring mail of fire resistance
 u - a +0 helmet (worn)
 x - a +0 buckler (worn)
 y - the +3 leather armour of Intuition (worn) {-Tele rF+++ Int+2}
   (You found it on level 5 of the Dungeon)

   It affects your intelligence (+2).
   It renders you almost immune to fire.
   It prevents most forms of teleportation.
Jewellery
 r - an amulet of regeneration (around neck)
 t - a ring of stealth (left hand)
Wands
 q - a wand of polymorph (13/24)
 s - a wand of flame (39/48)
Scrolls
 f - a scroll of recharging {unknown}
 h - 2 scrolls of enchant weapon {unknown}
 j - a scroll of blinking {unknown}
 k - a scroll of teleportation {unknown}
 l - 3 scrolls of remove curse {unknown}
 n - 3 scrolls of identify {unknown}
 v - a scroll of acquirement {unknown}
Potions
 d - 2 potions of heal wounds {unknown}
 i - 2 potions of haste {unknown}
 p - a potion of cancellation {unknown}
Comestibles
 c - 5 bread rations
 g - 6 meat rations
 m - 4 royal jellies
 w - a chunk of flesh


   Skills:
 + Level 3.7 Fighting
 * Level 7.5 Axes
 + Level 2.8 Armour
 - Level 1.5 Dodging


You had 6 spell levels left.
You didn't know any spells.

Dungeon Overview and Level Annotations

Branches:
Dungeon (5/15)
 Temple: D:4-7

Altars:
Cheibriados
Qazlal
Wu Jian
Xom

Annotations:
D:5 Pikel


Innate Abilities, Weirdness & Mutations

You are resistant to torment.
Your stone body is resilient. (AC +4)
You are immune to poison.
You resist negative energy. (rN+)
You are resistant to electric shocks. (rElec)
You can survive without breathing.
You are immune to petrification.
You are immune to rotting.


Message History

You are too injured to fight recklessly!
You are too injured to fight recklessly!
You are too injured to fight recklessly!
You hit Pikel.
Pikel is severely wounded.
You barely miss the slave. You closely miss the slave.
Pikel completely misses you. The slave closely misses you.
The slave hits you but does no damage. Pikel hits you with a whip of freezing.
* * * LOW HITPOINT WARNING * * *
Pikel freezes you.
* * * LOW HITPOINT WARNING * * *
The slave closely misses you. The slave hits you.
* * * LOW HITPOINT WARNING * * *
You closely miss Pikel.
Pikel is severely wounded.
You closely miss the slave. You hit the slave but do no damage.
Pikel hits you but does no damage. The slave hits you.
* * * LOW HITPOINT WARNING * * *
The slave hits you.
You die...

..# #.# #......# ..#
#.# ##.....#
..####.# #.....#
.......# #.....#
######## #...(.#
###..### .#.#.#.#.##
...$......# #
.#....)@[## .
......pKp...... ####
.#...>...###.## ...#
..........
#.......#.#.......##
#..................
#........##.#.#.#.#
#........ ...... ..
#........


You could see Pikel and 2 slaves.

Vanquished Creatures
  Eustachio (D:4)
  2 slaves (D:5)
  An ogre (D:5)
  A bullfrog (D:3)
  A scorpion (D:4)
  A crimson imp (D:4)
  A jelly (D:5)
  A hound (D:3)
  An orc priest (D:4)
  Ijyb (D:3)
  An orc wizard (D:5)
  A worker ant (D:5)
  2 hound skeletons (D:4)
  2 adders (D:4)
  A howler monkey skeleton (D:4)
  A shadow imp (D:5)
  An adder zombie (D:5)
  An adder skeleton (D:4)
  3 worms
  3 dart slugs
  3 leopard geckos
  5 orcs
  4 bats
  2 giant cockroaches
  7 goblins
  4 hobgoblins
  6 jackals
  4 kobolds (D:1)
  A quokka (D:3)
  4 ball pythons
  3 frilled lizards
  2 rats (D:2)
72 creatures vanquished.

Notes
Turn   | Place    | Note
-------+----------+-------------------------------------------
     0 | D:1      | zero the Gargoyle Berserker began the quest for the Orb.
     0 | D:1      | Reached XP level 1. HP: 14/14 MP: 1/1
   233 | D:1      | Reached skill level 3 in Axes
   497 | D:1      | Reached XP level 2. HP: 19/19 MP: 2/2
  1132 | D:1      | Reached XP level 3. HP: 23/23 MP: 3/3
  1593 | D:2      | Reached skill level 4 in Axes
  1632 | D:2      | Reached ** piety under Trog
  1690 | D:2      | You fall through a shaft for 2 floors!
  1704 | D:4      | Reached XP level 4. HP: 22/28 MP: 4/4
  1910 | D:4      | Reached skill level 5 in Axes
  1910 | D:4      | Reached XP level 5. HP: 32/32 MP: 5/5
  1942 | D:3      | Found a faded altar of an unknown god.
  1952 | D:3      | Found a shimmering altar of Xom.
  1976 | D:3      | Noticed Ijyb
  1995 | D:3      | Killed Ijyb
  2053 | D:3      | Reached skill level 6 in Axes
  2053 | D:3      | Reached XP level 6. HP: 25/37 MP: 6/6
  2892 | D:4      | Found a snail-covered altar of Cheibriados.
  3055 | D:4      | You fall through a shaft!
  3055 | D:5      | Entered Level 5 of the Dungeon
  3154 | D:5      | Got a pair of steaming gloves
  3160 | D:5      | Identified the +0 pair of gloves of Uskayaw's Fury {+Fly rN+ MR+ Dex+7} (You found it on level 5 of the Dungeon)
  3231 | D:4      | Noticed Eustachio
  3256 | D:4      | Killed Eustachio
  3256 | D:4      | Reached skill level 7 in Axes
  3256 | D:4      | Reached XP level 7. HP: 41/41 MP: 7/7
  3427 | D:4      | Found an ornate altar of the Wu Jian Council.
  3565 | D:5      | Found a stormy altar of Qazlal.
  3590 | D:5      | Got a bloodstained leather armour
  3601 | D:5      | Identified the +3 leather armour of Intuition {-Tele rF+++ Int+2} (You found it on level 5 of the Dungeon)
  3646 | D:5      | Noticed Pikel
  3663 | D:5      | HP: 2/42 [slave[Pikel] (4)]
  3663 | D:5      | Slain by a slave

Vault maps used:
D:1:      lightli_arrival_chessboard, minmay_misc_feat_doors,
          minmay_shallow_snake_nest
D:3:      nicolae_overflow_crystal_walls, chequers_ecumenical_altar_simple,
          tso_altar, uniq_terence, uniq_ijyb
D:4:      marbit_many_paths, kennysheep_slug_shrine, uniq_eustachio
D:5:      first_bread, st_stairs_4, nicolae_qazlal_eye_of_the_storm, uniq_pikel

Skill      XL: |  1  2  3  4  5  6 |
---------------+-------------------+-----
Axes           | 3 4 5 6 7 |  7.5
Fighting       | |  3.7
Armour         | |  2.8
Dodging        | |  1.5

Action                   |  1- 3 |  4- 6 |  7- 9 || total
-------------------------+-------+-------+-------++-------
Melee: Hand axe          |   144 |   152 |    40 ||   336
       Unarmed           |       |    13 |       ||    13
Invok: Berserk           |       |     5 |     1 ||     6
       Burn Spellbooks   |       |     1 |       ||     1
 Abil: Evoke Flight      |       |     1 |       ||     1
 Stab: Sleeping          |     1 |       |     2 ||     3
  Eat: Chunk             |     3 |     6 |     3 ||    12
       Fruit             |       |     2 |       ||     2
Armor: Animal skin       |    69 |    29 |       ||    98
       Ring mail         |       |    97 |     5 ||   102
       Leather armour    |       |       |    16 ||    16
Dodge: Dodged            |   130 |   118 |    19 ||   267
Block: Buckler           |       |       |     2 ||     2

Table legend:
 A = Spawn XP
 B = Non-spawn XP
 C = Spawn XP percentage of total XP
 D = Spawn monster count
 E = Non-spawn monster count
 F = Spawn count percentage of total count
 G = Total turns spent on level
                    A         B        C        D         E        F      G
               +---------+---------+-------+---------+---------+-------+---------
         Total |       0 |     949 |   0.0 |       0 |      70 |   0.0 |  3663
               +---------+---------+-------+---------+---------+-------+---------
           D:1 |       0 |      35 |   0.0 |       0 |      17 |   0.0 |  1427
           D:2 |       0 |      28 |   0.0 |       0 |      15 |   0.0 |   263
           D:3 |       0 |     171 |   0.0 |       0 |       7 |   0.0 |   538
           D:4 |       0 |     463 |   0.0 |       0 |      23 |   0.0 |  1151
           D:5 |       0 |     252 |   0.0 |       0 |       8 |   0.0 |   284
               +---------+---------+-------+---------+---------+-------+---------
